[ PARTIDA AOE2 · #507227107 ]
UnrankedPolacos vs Magyars
Equipo del jugador · DERR
Equipo rival · VICT
[ ANÁLISIS DE REPETICIÓN · EXTRAÍDO DE LA PARTIDA GRABADA ]
Feudal
—
Castillos
—
Imperial
—
| APM promedio | 52.1 |
| APM pico | 107 |
| eAPM promedio | 20.8 |
| Aldeanos / militares | 43 / 10 |
Foco
⚔️ 32.0% · 🌾 68.0%
Militia ×10
Feudal
11:11
Castillos
—
Imperial
—
| APM promedio | 57.5 |
| APM pico | 95 |
| eAPM promedio | 19.4 |
| Aldeanos / militares | 34 / 12 |
Foco
⚔️ 28.9% · 🌾 71.1%
Scout Cavalry ×12
Mapa de la partida
Recursos iniciales + cada clic de construcción. Líneas = muros · curvas = relieve. ◆ oro · ⬟ piedra · ● bayas · ✦ reliquia · ◌ hueco del cierre
Tu base· ✓ Cerrada en 12:00 · 85t muro · sin puerta
Base de 吉大大· Abierta — el rival se encerró
Terreno inicial suavizado · ◌ = hueco del cierre detectado · pasá el cursor para detalles
Inputs por minuto
— JeanLuc Petard - - 吉大大
Build order — JeanLuc Petard
85 acciones detectadas en el replay
| 0:00 | Encolar | Villager (Male) |
| 0:00 | Encolar | Villager (Male) |
| 0:01 | Encolar | Villager (Male) |
| 0:01 | Encolar | Villager (Male) |
| 0:02 | Construir | House |
| 0:03 | Construir | House |
| 1:37 | Encolar | Villager (Male) |
| 1:37 | Encolar | Villager (Male) |
| 2:08 | Encolar | Villager (Male) |
| 2:08 | Encolar | Villager (Male) |
| 2:35 | Encolar | Villager (Male) |
| 2:35 | Encolar | Villager (Male) |
| 2:48 | Construir | House |
| 2:55 | Encolar | Villager (Male) |
| 2:55 | Encolar | Villager (Male) |
| 3:24 | Encolar | Villager (Male) |
| 3:24 | Encolar | Villager (Male) |
| 3:25 | Encolar | Villager (Male) |
| 3:36 | Construir | Barracks |
| 3:37 | Construir | Palisade Wall |
| 3:38 | Construir | Palisade Wall |
| 4:19 | Encolar | Villager (Male) |
| 4:19 | Encolar | Villager (Male) |
| 4:19 | Encolar | Villager (Male) |
| 4:45 | Encolar | Militia |
| 4:45 | Encolar | Militia |
| 5:18 | Encolar | Villager (Male) |
| 5:18 | Encolar | Villager (Male) |
| 5:38 | Encolar | Militia |
| 5:38 | Encolar | Militia |
| 6:00 | Construir | House |
| 6:02 | Encolar | Militia |
| 6:02 | Encolar | Militia |
| 6:05 | Encolar | Villager (Male) |
| 6:05 | Encolar | Villager (Male) |
| 6:05 | Encolar | Villager (Male) |
| 6:25 | Construir | Palisade Wall |
| 6:26 | Construir | Palisade Wall |
| 6:27 | Construir | Palisade Wall |
| 6:29 | Construir | Palisade Wall |
| 6:49 | Encolar | Villager (Male) |
| 6:49 | Encolar | Villager (Male) |
| 6:49 | Encolar | Villager (Male) |
| 6:58 | Encolar | Militia |
| 6:58 | Encolar | Militia |
| 7:23 | Encolar | Militia |
| 7:23 | Encolar | Militia |
| 7:31 | Construir | Mill |
| 7:54 | Encolar | Villager (Male) |
| 7:54 | Encolar | Villager (Male) |
| 7:55 | Encolar | Villager (Male) |
| 7:55 | Encolar | Villager (Male) |
| 7:58 | Construir | Palisade Wall |
| 7:59 | Construir | Palisade Wall |
| 8:05 | Construir | Palisade Wall |
| 8:08 | Construir | Palisade Wall |
| 8:10 | Construir | Palisade Wall |
| 8:15 | Construir | Palisade Wall |
| 8:16 | Construir | Palisade Wall |
| 8:19 | Construir | Palisade Wall |
| 8:20 | Construir | Palisade Wall |
| 9:02 | Construir | House |
| 9:10 | Encolar | Villager (Male) |
| 9:10 | Encolar | Villager (Male) |
| 9:11 | Encolar | Villager (Male) |
| 9:11 | Encolar | Villager (Male) |
| 9:29 | Encolar | Villager (Male) |
| 9:29 | Encolar | Villager (Male) |
| 9:42 | Construir | Lumber Camp |
| 9:45 | Encolar | Villager (Male) |
| 10:05 | Encolar | Villager (Male) |
| 10:05 | Encolar | Villager (Male) |
| 10:33 | Construir | Palisade Wall |
| 10:37 | Encolar | Villager (Male) |
| 10:38 | Encolar | Villager (Male) |
| 11:25 | Construir | Palisade Wall |
| 11:56 | Construir | Palisade Wall |
| 11:58 | Construir | Palisade Wall |
| 12:07 | Encolar | Villager (Male) |
| 12:38 | Encolar | Villager (Male) |
| 13:01 | Construir | Palisade Gate |
| 13:30 | Investigar | Feudal Age |
| 13:32 | Investigar | Loom |
| 13:42 | Construir | Palisade Wall |
| 13:47 | Investigar | Feudal Age |
Build order — 吉大大
71 acciones detectadas en el replay
| 0:01 | Encolar | Villager (Male) |
| 0:01 | Encolar | Villager (Male) |
| 0:01 | Encolar | Villager (Male) |
| 0:01 | Encolar | Villager (Male) |
| 0:01 | Encolar | Villager (Male) |
| 0:03 | Construir | House |
| 0:04 | Construir | House |
| 1:30 | Encolar | Villager (Male) |
| 1:30 | Encolar | Villager (Male) |
| 1:49 | Construir | Lumber Camp |
| 2:02 | Encolar | Villager (Male) |
| 2:02 | Encolar | Villager (Male) |
| 2:03 | Encolar | Villager (Male) |
| 2:26 | Encolar | Villager (Male) |
| 2:26 | Encolar | Villager (Male) |
| 2:51 | Encolar | Villager (Male) |
| 2:51 | Encolar | Villager (Male) |
| 3:01 | Construir | House |
| 3:19 | Encolar | Villager (Male) |
| 3:19 | Encolar | Villager (Male) |
| 3:19 | Encolar | Villager (Male) |
| 3:21 | Encolar | Villager (Male) |
| 3:22 | Encolar | Villager (Male) |
| 3:22 | Encolar | Villager (Male) |
| 4:38 | Encolar | Villager (Male) |
| 4:38 | Encolar | Villager (Male) |
| 4:38 | Encolar | Villager (Male) |
| 5:32 | Encolar | Villager (Male) |
| 5:32 | Encolar | Villager (Male) |
| 5:32 | Encolar | Villager (Male) |
| 5:32 | Encolar | Villager (Male) |
| 6:15 | Encolar | Villager (Male) |
| 6:26 | Investigar | Loom |
| 6:26 | Investigar | Loom |
| 6:42 | Encolar | Villager (Male) |
| 7:00 | Encolar | Villager (Male) |
| 8:11 | Construir | Mill |
| 8:12 | Encolar | Villager (Male) |
| 8:32 | Construir | Mill |
| 9:01 | Investigar | Feudal Age |
| 9:01 | Investigar | Feudal Age |
| 9:14 | Construir | Farm |
| 9:17 | Construir | Farm |
| 9:24 | Construir | Farm |
| 9:33 | Construir | Barracks |
| 9:45 | Construir | Farm |
| 9:46 | Encolar | Villager (Male) |
| 10:21 | Construir | House |
| 11:11 | Edad | Edad Feudal |
| 11:14 | Construir | Stable |
| 11:18 | Encolar | Villager (Male) |
| 11:28 | Investigar | Double-Bit Axe |
| 11:28 | Investigar | Double-Bit Axe |
| 11:48 | Construir | House |
| 11:51 | Encolar | Scout Cavalry |
| 11:51 | Encolar | Scout Cavalry |
| 11:51 | Encolar | Scout Cavalry |
| 11:51 | Encolar | Scout Cavalry |
| 12:28 | Encolar | Scout Cavalry |
| 12:28 | Encolar | Scout Cavalry |
| 12:38 | Construir | Farm |
| 12:44 | Construir | House |
| 12:49 | Encolar | Villager (Male) |
| 13:18 | Encolar | Scout Cavalry |
| 13:19 | Encolar | Scout Cavalry |
| 13:23 | Construir | House |
| 13:24 | Construir | House |
| 13:43 | Encolar | Scout Cavalry |
| 13:44 | Encolar | Scout Cavalry |
| 14:11 | Encolar | Scout Cavalry |
| 14:11 | Encolar | Scout Cavalry |
Cronología de la partida
| 3:36 | JeanLuc Petard · first_building Barracks |
| 3:37 | JeanLuc Petard · wall_segment Palisade Wall x1 |
| 3:38 | JeanLuc Petard · wall_segment Palisade Wall x1 |
| 6:25 | JeanLuc Petard · wall_segment Palisade Wall x1 |
| 6:26 | JeanLuc Petard · wall_segment Palisade Wall x1 |
| 6:27 | JeanLuc Petard · wall_segment Palisade Wall x1 |
| 6:29 | JeanLuc Petard · wall_segment Palisade Wall x1 |
| 7:58 | JeanLuc Petard · wall_segment Palisade Wall x1 |
| 7:59 | JeanLuc Petard · wall_segment Palisade Wall x1 |
| 8:05 | JeanLuc Petard · wall_segment Palisade Wall x1 |
| 8:08 | JeanLuc Petard · wall_segment Palisade Wall x1 |
| 8:10 | JeanLuc Petard · wall_segment Palisade Wall x1 |
| 8:15 | JeanLuc Petard · wall_segment Palisade Wall x1 |
| 8:16 | JeanLuc Petard · wall_segment Palisade Wall x1 |
| 8:19 | JeanLuc Petard · wall_segment Palisade Wall x1 |
| 8:20 | JeanLuc Petard · wall_segment Palisade Wall x1 |
| 9:33 | 吉大大 · first_building Barracks |
| 10:33 | JeanLuc Petard · wall_segment Palisade Wall x19 |
| 11:11 | 吉大大 · age_up feudal |
| 11:14 | 吉大大 · first_building Stable |
| 11:25 | JeanLuc Petard · wall_segment Palisade Wall x12 |
| 11:56 | JeanLuc Petard · wall_segment Palisade Wall x31 |
| 11:58 | JeanLuc Petard · wall_segment Palisade Wall x9 |
| 13:42 | JeanLuc Petard · wall_segment Palisade Wall x1 |
| 14:11 | JeanLuc Petard · resign |
[ ANÁLISIS IA · 1 CRÉDITO ]
¿Qué pasó realmente en esta partida?
Wolo.gg analiza cada decisión: build order, eco, micro, errores típicos por bracket. Análisis personalizado por WhatsApp o Discord en 30 segundos.
Guía civ
Polacos
Perfil
Jugador #21755138